 Dungeon Crawl Stone Soup version 0.30-a0-135-g630cfc4551 (webtiles) character file.

Game seed: 13138310503158628155

34 NinjaNoafa the Sneak (level 3, 0/19 HPs)
             Began as a Kobold Enchanter on Sept 20, 2022.
             Succumbed to an adder's poison
             ... on level 2 of the Dungeon.
             The game lasted 00:04:40 (1675 turns).

NinjaNoafa the Sneak (Kobold Enchanter)             Turns: 1675, Time: 00:04:40

Health: 0/19       AC:  2    Str:  5    XL:     3   Next: 50%
Magic:  6/6        EV: 15    Int: 18    God:
Gold:   115        SH:  0    Dex: 15    Spells: 7/7 levels left

rFire   . . .      SeeInvis .    a - +1 dagger
rCold   + . .      Faith    .    (no shield)
rNeg    . . .      Spirit   .    b - +0 robe
rPois   .          Reflect  .    (no helmet)
rElec   .          Harm     .    (no cloak)
rCorr   .          Rampage  .    (no gloves)
Will    .....                    (no boots)
Stlth   ++++......               (no amulet)
HPRegen 0.06/turn                g - ring of protection from cold
MPRegen 0.10/turn                (no ring)

@: brilliant, lethally poisoned (0 -> -8), invisible
A: small, no large weapons, nightstalker 3
a: no special abilities


You were on level 2 of the Dungeon.
You visited 1 branch of the dungeon, and saw 2 of its levels.

You collected 115 gold pieces.

Inventory:

Hand Weapons
 a - a +1 dagger (weapon)
Missiles
 d - 49 stones (quivered)
Armour
 b - a +0 robe (worn)
Jewellery
 g - a ring of protection from cold (left hand)
Wands
 k - a wand of paralysis (7)
Scrolls
 e - 2 scrolls of identify {unknown}
 f - a scroll of brand weapon {unknown}
 h - 2 scrolls of poison {unknown}
 i - a scroll of fear {unknown}


   Skills:
 + Level 0.0 Fighting
 - Level 2.0 Short Blades
 - Level 2.8 Dodging
 - Level 4.3 Stealth
 - Level 2.5 Spellcasting
 - Level 3.2 Hexes
 - Level 1.1 Ice Magic


You had 7 spell levels left.
You didn't know any spells.
Your spell library contained the following spells:

 Spells                   Type           Power      Damage    Failure   Level
 Ensorcelled Hibernation  Hex/Ice        30%        N/A       11%         2
 Confusing Touch          Hex            20%        N/A       14%         3
 Tukima's Dance           Hex            20%        N/A       14%         3
 Dazzling Flash           Conj/Hex       24%        N/A       26%         3


Dungeon Overview and Level Annotations

Branches:
Dungeon (2/15)

Altars:
Gozag


Innate Abilities, Weirdness & Mutations

You are small and have problems with some larger weapons.
You are completely attuned to the shadows.


Message History

The hobgoblin is almost dead.
An endoplasm comes into view.
Found 7 stones and 5 poisoned darts.
The adder misses you. The goblin hits you with a +0 club.
The hobgoblin barely misses you. The kobold attacks as you move away!
The kobold hits you with a +0 dagger.
A frilled lizard comes into view.
The hobgoblin hits you.
A ball python comes into view.
The adder misses you. The goblin attacks as you move away!
The goblin closely misses you. The hobgoblin attacks as you move away!
The hobgoblin hits you. The adder attacks as you move away!
The adder bites you.
You fade into invisibility!
The adder closely misses you. The goblin closely misses you.
It was a potion of cancellation.
Your magical effects are unravelling.
You feel magically purged.
You flicker back into view.
The adder bites you.
You are poisoned.
The adder poisons you! The adder barely misses you.
It was a potion of brilliance.
You feel clever all of a sudden.
You feel sick. The adder closely misses you.
You feel sick.
You fade into invisibility!
* * * LOW HITPOINT WARNING * * *
You feel sick. The adder completely misses you. The adder closely misses you.
* * * LOW HITPOINT WARNING * * *
You feel sick.
You hit the adder.
The adder is lightly wounded.
* * * LOW HITPOINT WARNING * * *
You feel sick. The adder bites you.
* * * LOW HITPOINT WARNING * * *
You are more poisoned.
The adder poisons you!
You hit the goblin.
You kill the goblin!
You die...

.....###...!.....##
.....###......<..#
.................#
.........#.........
........#..#######...
..........## ...
.........## #.#
.........#### ##..# .#
............####@.# ..#
........###....S)###.# ..
#.........#..####Kg.S##..
#................JS#.....
#................#.....##
#..##..###.......###.#...
#.####.# #......##[..###.
..# #.# .......l....(#J.
.## #.# .. ..#.._..#S#


You could see an adder (wandering, unable to see you), an endoplasm, a ball
python (wandering, unable to see you) and a kobold (unable to see you).

Vanquished Creatures
  A dart slug (D:1)
  2 endoplasms (D:1)
  A giant cockroach (D:1)
  2 goblins
  3 hobgoblins
  7 kobolds
  2 quokkas (D:1)
  6 ball pythons
  3 bats (D:1)
  2 frilled lizards (D:1)
  5 rats (D:1)
34 creatures vanquished.

Notes
Turn   | Place    | Note
-------+----------+-------------------------------------------
     0 | D:1      | NinjaNoafa the Kobold Enchanter began the quest for the
                  | Orb.
     0 | D:1      | Reached XP level 1. HP: 10/10 MP: 3/3
   170 | D:1      | Reached XP level 2. HP: 4/15 MP: 5/5
   920 | D:1      | Reached skill level 1 in Ice Magic
   920 | D:1      | Reached XP level 3. HP: 19/19 MP: 6/6
  1659 | D:2      | Found an opulent altar of Gozag.
  1675 | D:2      | Succumbed to an adder's poison

Illustrated notes

Levels and vault maps discovered:
D:1:      matt_arrival_spirals, layout_basic, serial_curves, eino_curves_01,
          eino_curves_01, eino_curves_03, eino_curves_01
D:2:      layout_rooms, basic_altar, dilly_ecumenical_altar_fadedgnrine,
          minmay_hexomino_r4

Skill      XL: |  1  2  3 |
---------------+----------+-----
Ice Magic      | 1 |  1.1
Short Blades   | 2 |  2.0
Dodging        | |  2.8
Stealth        | |  4.3
Spellcasting   | |  2.5
Hexes          | |  3.2

Action                   || total
-------------------------++-------
Melee: Dagger            ||    60
  Use: Potion            ||     5
 Stab: Sleeping          ||    21
Armor: Robe              ||     2
Dodge: Dodged            ||    43

Table legend: (Time is in decaauts)
 A = Elapsed time spent in this place.
 B = Non-inter-level travel time spent in this place.
 C = Inter-level travel time spent in this place.
 D = Time resting spent in this place.
 E = Time spent auto-exploring this place.
 F = Levels seen in this place.
 G = Mean time per level.
                   A        B        C        D        E       F      G
               +--------+--------+--------+--------+--------+-----+--------+
         Total |   1669 |   1568 |    101 |      0 |   1317 |   2 |  834.5 |
       Dungeon |   1669 |   1568 |    101 |      0 |   1317 |   2 |  834.5 |
               +--------+--------+--------+--------+--------+-----+--------+

Top non-repeatable levels by time:
     D:1: 1496 daAuts
     D:2: 173 daAuts
